General information
- name: BNet
- type: Ladder team game (AT/RT)
- host: Battle.net
- saver: fineX
map: Monsoon
- players: 6
- length: 39:20
- speed: Fast
- version: 1.24 W3XP
- replay type: Public
» download(272 KB)
Players
team 1 (winner)
fineX (
green | 77 APM | 3039 actions | 39:20)
5 Archmage
3 Blizzard
2 Brilliance Aura
4 Blood Mage
2 Flame Strike
2 Siphon Mana
3 Paladin
2 Holy Light
1 Divine Shield
» actions
| Assign group hotkey | 557 | |
| Basic commands | 10 | |
| Build / train | 114 | |
| Enter build submenu | 29 | |
| Enter hero's abilities submenu | 12 | |
| Give item / drop item | 1 | |
| Remove unit from queue | 2 | |
| Right click | 1225 | |
| Select / deselect | 345 | |
| Select group hotkey | 484 | |
| Use ability | 260 | |
3039 total
» units
| Peasant | 18 | |
| Sorceress | 2 | |
| Mortar Team | 1 | |
| Priest | 1 | |
| Flying Machine | 5 | |
27 total
» upgrades
| Masonry | 3 | |
| Magic Sentry | 1 | |
| Sorceress Training | 3 | |
| Flare | 1 | |
| Gunpowder | 3 | |
| Fragmentation Shards | 1 | |
| Priest Training | 2 | |
| Lumber Harvesting | 2 | |
| Armor | 2 | |
| Flak Cannons | 1 | |
| Flying Machine Bombs | 1 | |
| Plating | 2 | |
22 total
» buildings
| Altar of Kings | 1 | |
| Farm | 7 | |
| Lumber Mill | 1 | |
| Scout Tower | 45 | |
| Arcane Tower | 4 | |
| Guard Tower | 16 | |
| Keep | 1 | |
| Arcane Vault | 2 | |
| Arcane Sanctum | 1 | |
| Town Hall | 2 | |
| Blacksmith | 1 | |
| Workshop | 2 | |
| Castle | 1 | |
| Cannon Tower | 4 | |
88 total
» build order
00:05 Altar of Kings
00:07 Farm
00:22 Lumber Mill
00:41 Scout Tower
00:45 Farm
01:24 Arcane Tower
01:57 Scout Tower
02:04 Scout Tower
02:22 Scout Tower
02:24 Scout Tower
02:30 Guard Tower
02:45 Arcane Tower
03:10 Guard Tower
03:12 Scout Tower
03:14 Scout Tower
03:16 Scout Tower
03:38 Scout Tower
03:40 Scout Tower
03:41 Scout Tower
03:43 Scout Tower
03:45 Guard Tower
03:53 Guard Tower
04:40 Guard Tower
04:54 Keep
05:02 Guard Tower
05:10 Guard Tower
05:31 Arcane Vault
05:42 Scout Tower
05:43 Scout Tower
05:44 Scout Tower
05:45 Scout Tower
06:14 Guard Tower
06:22 Farm
06:24 Farm
06:25 Farm
06:26 Farm
06:29 Farm
06:51 Scout Tower
06:53 Scout Tower
06:53 Scout Tower
06:54 Scout Tower
07:10 Guard Tower
07:41 Arcane Sanctum
07:49 Guard Tower
08:44 Guard Tower
08:51 Town Hall
08:57 Blacksmith
10:31 Workshop
11:02 Workshop
12:12 Castle
12:46 Arcane Tower
12:48 Arcane Tower
22:54 Arcane Vault
24:02 Cannon Tower
24:04 Cannon Tower
28:31 Scout Tower
28:32 Scout Tower
28:33 Scout Tower
28:35 Scout Tower
28:35 Scout Tower
28:36 Scout Tower
28:39 Scout Tower
28:40 Scout Tower
28:41 Scout Tower
28:43 Scout Tower
28:43 Scout Tower
28:44 Scout Tower
29:28 Cannon Tower
29:31 Cannon Tower
30:02 Guard Tower
30:11 Scout Tower
30:11 Scout Tower
30:12 Scout Tower
30:13 Scout Tower
30:13 Scout Tower
30:14 Scout Tower
31:03 Guard Tower
31:29 Guard Tower
31:44 Town Hall
33:08 Scout Tower
33:09 Scout Tower
33:10 Scout Tower
33:11 Scout Tower
33:11 Scout Tower
33:12 Scout Tower
33:14 Scout Tower
34:20 Guard Tower
34:56 Guard Tower
» items
| Healing Salve | 1 | |
| Lesser Clarity Potion | 1 | |
| Ivory Tower | 5 | |
| Boots of Speed | 3 | |
| Staff of Teleportation | 3 | |
| Orb of Lightning | 2 | |
| Staff of Sanctuary | 3 | |
| Scroll of Town Portal | 1 | |
19 total
Great_GameLorD (
pink | 138 APM | 5445 actions | 39:19)
7 Blademaster
3 Wind Walk
3 Critical Strike
1 Bladestorm
6 Tauren Chieftain
3 Shockwave
2 Endurance Aura
1 Reincarnation
» actions
| Assign group hotkey | 1717 | |
| Basic commands | 146 | |
| Build / train | 130 | |
| ESC pressed | 2 | |
| Enter build submenu | 32 | |
| Enter hero's abilities submenu | 13 | |
| Give item / drop item | 20 | |
| Right click | 1534 | |
| Select / deselect | 243 | |
| Select group hotkey | 1215 | |
| Use ability | 393 | |
5445 total
» units
| Peon | 15 | |
| Troll Batrider | 11 | |
| Troll Witch Doctor | 1 | |
| Shaman | 1 | |
28 total
» upgrades
| Reinforced Defenses | 1 | |
| Liquid Fire | 1 | |
| Ranged Weapons | 1 | |
| Shaman Training | 2 | |
| Witch Doctor Training | 2 | |
| Spirit Walker Training | 2 | |
9 total
» buildings
| Altar of Storms | 1 | |
| Orc Burrow | 8 | |
| War Mill | 1 | |
| Voodoo Lounge | 3 | |
| Watch Tower | 26 | |
| Stronghold | 1 | |
| Fortress | 1 | |
| Beastiary | 2 | |
| Spirit Lodge | 2 | |
45 total
» build order
00:09 Altar of Storms
00:21 Orc Burrow
00:39 War Mill
01:10 Voodoo Lounge
01:55 Watch Tower
02:08 Orc Burrow
02:39 Watch Tower
03:20 Stronghold
03:24 Watch Tower
03:42 Watch Tower
03:43 Watch Tower
03:44 Watch Tower
03:44 Watch Tower
04:48 Orc Burrow
05:44 Fortress
05:54 Watch Tower
06:08 Beastiary
06:24 Watch Tower
06:58 Beastiary
07:14 Watch Tower
08:16 Watch Tower
08:17 Watch Tower
11:22 Voodoo Lounge
11:27 Watch Tower
11:28 Watch Tower
11:28 Watch Tower
11:29 Watch Tower
11:29 Watch Tower
11:30 Watch Tower
14:34 Orc Burrow
14:34 Orc Burrow
14:35 Orc Burrow
14:35 Orc Burrow
14:36 Orc Burrow
14:38 Spirit Lodge
14:39 Spirit Lodge
24:36 Watch Tower
24:37 Watch Tower
24:37 Watch Tower
24:38 Watch Tower
24:38 Watch Tower
24:38 Watch Tower
24:38 Watch Tower
29:28 Voodoo Lounge
» items
| Healing Salve | 11 | |
| Circlet of Nobility | 1 | |
| Boots of Speed | 1 | |
| Potion of Lesser Invulnerability | 4 | |
| Staff of Teleportation | 2 | |
| Lesser Clarity Potion | 23 | |
| Orb of Lightning | 2 | |
| Tiny Great Hall | 1 | |
| Scroll of Speed | 1 | |
| Potion of Healing | 6 | |
| Scroll of Town Portal | 6 | |
| Staff of Sanctuary | 1 | |
| Potion of Mana | 12 | |
71 total
nonent (
orange | 83 APM | 3260 actions | 39:18)
6 Blademaster
3 Wind Walk
2 Critical Strike
1 Bladestorm
3 Shadow Hunter
2 Hex
1 Healing Wave
» actions
| Assign group hotkey | 24 | |
| Basic commands | 8 | |
| Build / train | 87 | |
| Enter build submenu | 35 | |
| Enter hero's abilities submenu | 9 | |
| Give item / drop item | 25 | |
| Remove unit from queue | 3 | |
| Right click | 1287 | |
| Select / deselect | 309 | |
| Select group hotkey | 1175 | |
| Use ability | 298 | |
3260 total
» units
| Peon | 15 | |
| Troll Batrider | 23 | |
| Shaman | 1 | |
39 total
» upgrades
| Liquid Fire | 1 | |
| Reinforced Defenses | 1 | |
| Ranged Weapons | 3 | |
| Armor | 3 | |
| Burning Oil | 1 | |
| Shaman Training | 2 | |
11 total
» buildings
| Altar of Storms | 1 | |
| Orc Burrow | 4 | |
| War Mill | 3 | |
| Watch Tower | 35 | |
| Stronghold | 1 | |
| Voodoo Lounge | 1 | |
| Beastiary | 3 | |
| Fortress | 1 | |
| Great Hall | 1 | |
| Barracks | 1 | |
| Spirit Lodge | 1 | |
52 total
» build order
00:20 Altar of Storms
00:28 Orc Burrow
00:50 War Mill
01:51 Orc Burrow
02:19 Watch Tower
02:21 Watch Tower
03:12 Watch Tower
03:13 Watch Tower
03:51 Watch Tower
03:57 Stronghold
04:02 Voodoo Lounge
04:34 Watch Tower
04:54 Watch Tower
05:17 Watch Tower
05:17 Watch Tower
05:22 Watch Tower
05:34 Watch Tower
05:40 Watch Tower
06:22 Beastiary
06:23 Beastiary
06:24 Beastiary
06:30 Watch Tower
06:42 Watch Tower
07:04 Watch Tower
07:55 Watch Tower
07:56 Watch Tower
08:06 Fortress
09:22 Watch Tower
09:23 Watch Tower
09:26 Orc Burrow
09:33 Orc Burrow
09:45 Great Hall
10:55 Watch Tower
10:56 Watch Tower
22:49 Barracks
22:52 Spirit Lodge
32:53 Watch Tower
32:54 Watch Tower
32:55 Watch Tower
32:56 Watch Tower
32:58 Watch Tower
33:16 Watch Tower
33:17 Watch Tower
34:32 Watch Tower
34:32 Watch Tower
34:34 Watch Tower
34:35 Watch Tower
34:37 Watch Tower
37:25 Watch Tower
38:07 Watch Tower
38:22 War Mill
38:27 War Mill
» items
| Periapt of Vitality | 1 | |
| Staff of Teleportation | 2 | |
| Healing Salve | 5 | |
| Lesser Clarity Potion | 8 | |
| Circlet of Nobility | 3 | |
| Orb of Lightning | 1 | |
| Potion of Mana | 1 | |
21 total
team 2 (loser)
CaUsE1-NeeD (
purple | 87 APM | 3391 actions | 39:02)
4 Death Knight
2 Death Coil
1 Unholy Aura
1 Death Pact
3 Pit Lord
2 Rain of Fire
1 Cleaving Attack
» actions
| Assign group hotkey | 36 | |
| Basic commands | 220 | |
| Build / train | 147 | |
| ESC pressed | 6 | |
| Enter build submenu | 28 | |
| Enter hero's abilities submenu | 7 | |
| Give item / drop item | 3 | |
| Right click | 1404 | |
| Select / deselect | 705 | |
| Select group hotkey | 679 | |
| Use ability | 156 | |
3391 total
» units
| Acolyte | 47 | |
| Ghoul | 5 | |
| Crypt Fiend | 10 | |
| Obsidian Statue | 17 | |
| Abomination | 2 | |
| Meatwagon | 1 | |
82 total
» upgrades
| Creature Attack | 3 | |
| Web | 1 | |
| Burrow | 1 | |
| Destroyer Form | 1 | |
| Disease Cloud | 1 | |
7 total
» buildings
| Crypt | 1 | |
| Graveyard | 1 | |
| Ziggurat | 11 | |
| Altar of Darkness | 1 | |
| Tomb of Relics | 2 | |
| Nerubian Tower | 3 | |
| Halls of the Dead | 1 | |
| Spirit Tower | 10 | |
| Black Citadel | 1 | |
| Slaughterhouse | 2 | |
| Necropolis | 1 | |
34 total
» build order
00:14 Crypt
00:25 Graveyard
00:41 Ziggurat
00:57 Altar of Darkness
02:03 Ziggurat
02:57 Tomb of Relics
03:13 Nerubian Tower
03:13 Nerubian Tower
03:49 Tomb of Relics
04:56 Halls of the Dead
04:59 Ziggurat
06:20 Ziggurat
08:12 Spirit Tower
09:17 Black Citadel
09:49 Slaughterhouse
10:07 Slaughterhouse
11:31 Ziggurat
11:33 Necropolis
11:35 Ziggurat
13:50 Spirit Tower
13:50 Spirit Tower
15:11 Ziggurat
17:59 Ziggurat
24:06 Ziggurat
24:08 Ziggurat
24:14 Ziggurat
25:59 Nerubian Tower
26:27 Spirit Tower
26:27 Spirit Tower
26:27 Spirit Tower
26:49 Spirit Tower
26:50 Spirit Tower
» items
| Dust of Appearance | 3 | |
| Potion of Healing | 4 | |
| Scroll of Healing | 2 | |
| Potion of Mana | 4 | |
| Scroll of Town Portal | 4 | |
| Orb of Corruption | 1 | |
| Scroll of Regeneration | 2 | |
| Lesser Clarity Potion | 1 | |
21 total
GASMASK (
teal | 71 APM | 2776 actions | 39:06)
5 Archmage
3 Summon Water Elemental
2 Brilliance Aura
» actions
| Assign group hotkey | 24 | |
| Basic commands | 24 | |
| Build / train | 160 | |
| Enter build submenu | 35 | |
| Enter hero's abilities submenu | 5 | |
| Remove unit from queue | 5 | |
| Right click | 1577 | |
| Select / deselect | 789 | |
| Select group hotkey | 51 | |
| Use ability | 106 | |
2776 total
» units
| Peasant | 78 | |
| Footman | 8 | |
| Rifleman | 10 | |
| Flying Machine | 6 | |
| Siege Engine | 15 | |
117 total
» upgrades
| Masonry | 3 | |
| Barrage | 1 | |
| Plating | 2 | |
| Gunpowder | 2 | |
8 total
» buildings
| Barracks | 1 | |
| Altar of Kings | 1 | |
| Farm | 9 | |
| Blacksmith | 1 | |
| Arcane Vault | 1 | |
| Town Hall | 2 | |
| Lumber Mill | 2 | |
| Scout Tower | 11 | |
| Arcane Tower | 2 | |
| Keep | 1 | |
| Guard Tower | 11 | |
| Workshop | 3 | |
| Castle | 1 | |
46 total
» build order
00:07 Barracks
00:20 Altar of Kings
00:35 Farm
00:36 Farm
01:29 Farm
02:13 Farm
02:48 Blacksmith
03:53 Arcane Vault
04:48 Town Hall
05:04 Lumber Mill
06:15 Scout Tower
06:52 Arcane Tower
07:56 Scout Tower
08:37 Arcane Tower
09:18 Keep
12:18 Scout Tower
12:51 Scout Tower
14:03 Guard Tower
14:21 Guard Tower
14:37 Workshop
16:23 Lumber Mill
17:01 Farm
18:37 Castle
19:15 Scout Tower
19:16 Scout Tower
20:05 Guard Tower
20:43 Guard Tower
21:54 Scout Tower
21:55 Scout Tower
22:31 Town Hall
22:36 Guard Tower
23:04 Guard Tower
23:10 Workshop
23:20 Guard Tower
23:28 Scout Tower
24:12 Guard Tower
24:47 Farm
24:48 Farm
25:09 Farm
26:41 Guard Tower
27:12 Scout Tower
27:13 Scout Tower
27:42 Guard Tower
30:23 Guard Tower
33:03 Workshop
37:40 Farm
» items
| Dust of Appearance | 1 | |
| Scroll of Regeneration | 2 | |
| Scroll of Town Portal | 3 | |
| Staff of Teleportation | 1 | |
| Potion of Healing | 2 | |
9 total
WcLeGeNd (
blue | 32 APM | 1256 actions | 39:18)
5 Demon Hunter
3 Mana Burn
2 Evasion
1 Naga Sea Witch
1 Forked Lightning
» actions
| Basic commands | 3 | |
| Build / train | 90 | |
| Enter build submenu | 29 | |
| Enter hero's abilities submenu | 6 | |
| Give item / drop item | 2 | |
| Right click | 717 | |
| Select / deselect | 359 | |
| Use ability | 50 | |
1256 total
» units
| Wisp | 43 | |
| Huntress | 3 | |
| Chimaera | 18 | |
| Hippogryph | 4 | |
68 total
» upgrades
| Strength of the Wild | 3 | |
| Reinforced Hides | 3 | |
| Corrosive Breath | 1 | |
7 total
» buildings
| Altar of Elders | 1 | |
| Moon Well | 10 | |
| Hunter's Hall | 1 | |
| Ancient of War | 2 | |
| Ancient Protector | 1 | |
| Tree of Ages | 1 | |
| Tree of Eternity | 1 | |
| Tree of Life | 4 | |
| Ancient of Wind | 1 | |
| Chimaera Roost | 5 | |
| Ancient of Wonders | 1 | |
28 total
» build order
00:21 Altar of Elders
00:35 Moon Well
01:30 Hunter's Hall
01:41 Ancient of War
01:58 Ancient of War
02:16 Moon Well
02:33 Moon Well
03:41 Ancient Protector
03:48 Moon Well
06:37 Tree of Ages
09:01 Tree of Eternity
09:10 Tree of Life
11:03 Ancient of Wind
12:14 Chimaera Roost
12:20 Chimaera Roost
12:54 Moon Well
13:54 Moon Well
13:59 Moon Well
14:02 Moon Well
19:46 Ancient of Wonders
23:41 Moon Well
24:49 Tree of Life
25:12 Moon Well
27:29 Chimaera Roost
27:32 Chimaera Roost
27:36 Chimaera Roost
27:45 Tree of Life
35:03 Tree of Life
» items
| Scroll of Town Portal | 4 | |
| Orb of Venom | 1 | |
5 total
Chat log
(00:07 / All) nonent: garg feed good strat
(00:10 / All) nonent: gl hf
(00:11 / All) fineX: warcraft legend
(00:16 / All) fineX: i heard of u
(00:17 / Allies) Great_GameLorD: i am tc
(00:17 / Allies) Great_GameLorD: panda
(00:18 / Allies) Great_GameLorD: sh
(00:29 / All) fineX: i heard ur a tremendous gay cocksucker fagget
(00:37 / Allies) Great_GameLorD: with 2x bats i HOPE we dont lose to air
(00:59 / Allies) nonent: my ex gf called me she wants to do drinks
(01:02 / Allies) fineX: so wut
(01:03 / Allies) nonent: isn't seeing anyone
(01:06 / Allies) fineX: so who care
(01:14 / Allies) nonent: clearly not u fag lol
(01:17 / Allies) fineX: fuck her in the but
(01:24 / Allies) nonent: just like a queer to recommend
(01:33 / All) nonent: KANYE IS SO MEAN
(01:35 / Allies) fineX: i tried once
(01:38 / Allies) fineX: but she wouldnt let me
(01:40 / All) nonent: U SEE THAT SHIT
(01:52 / Allies) fineX: after thinking about it i agreed it was gros
(02:14 / Allies) nonent: hey u ever watch weeds finex
(02:17 / Allies) fineX: no
(02:24 / Allies) nonent: funny show
(02:34 / Allies) nonent: goon approved
(02:44 / Allies) fineX: read the goon courtship threads
(02:48 / Allies) fineX: i dont want anything to do with goons
(02:49 / All) nonent: THIS NIGGA GONE FISHIN
(02:58 / Allies) nonent: kiill plox
(02:58 / Allies) fineX: lmao a gay noob
(03:27 / Allies) fineX: no...NOOOO
(04:06 / Allies) nonent: oh sup
(04:40 / Allies) nonent: outie
(04:42 / Allies) nonent: dust
(04:53 / Allies) fineX: outies are really unattractive
(05:08 / All) nonent: teammates noob
(05:20 / Allies) fineX: lol @ hu base
(05:24 / Allies) fineX: can i geta orc shop
(05:38 / All) CaUsE1-NeeD: hahahah
(05:51 / All) fineX: wut u laffin @ punk
(06:05 / All) nonent: OMG SYLAR IS PRESIDENT
(06:10 / Allies) fineX: its a dream
(06:15 / Allies) nonent: fagort
(06:34 / Allies) fineX: can i get a porc shop
(06:45 / Allies) fineX: share erz
(06:46 / Allies) nonent: asians like pork
(08:20 / Allies) fineX: can i geta porc shop
(08:25 / Allies) nonent: u 2 gay
(10:42 / Allies) nonent: fuxk
(10:50 / Allies) fineX: it was only top
(11:15 / Allies) fineX: can i get a orc shop
(11:23 / Allies) Great_GameLorD: k
(11:23 / Allies) nonent: k
(11:28 / Allies) nonent: nm pink gets it lol
(12:03 / Allies) fineX: lmao
(12:24 / Allies) fineX: ill cj if i can
(12:38 / Allies) fineX: they have shade
(12:40 / Allies) nonent: shit
(12:59 / Allies) fineX: gogogo
(13:06 / Allies) nonent: kkk
(13:19 / Allies) nonent: nooo
(13:42 / Allies) fineX: u get it
(13:45 / Allies) fineX: i got 2 last time lol
(14:44 / Allies) fineX: ill go farm teal i guess
(16:01 / Allies) nonent: no shade top yay
(16:41 / Allies) fineX: lmao these guys
(16:48 / Allies) nonent: nubfucks
(17:35 / Allies) fineX: bats
(17:48 / All) CaUsE1-NeeD: IASHHH
(18:29 / Allies) Great_GameLorD: feel free to use my batz
(18:39 / Allies) fineX: ok
(19:13 / Allies) fineX: dont lose bm lol
(20:42 / All) fineX: leave now
(20:46 / All) fineX: u gay fuck nigger noob
(21:21 / All) fineX: leave now u gay nigger worthless noobs
(21:25 / All) nonent: gg
(22:06 / All) fineX: leave u gay worthless nigger noobys
(22:37 / Allies) fineX: tankis
(24:51 / Allies) nonent: batting dem chimz
(25:32 / Allies) Great_GameLorD: lum please
(25:41 / Allies) Great_GameLorD: thx
(26:11 / Allies) fineX: LMAO
(26:32 / Allies) fineX: messed it up there
(27:36 / Allies) Great_GameLorD: nonent did u make 2nd hero. . .
(27:39 / Allies) nonent: ya
(27:43 / Allies) Great_GameLorD: noice
(30:55 / Allies) Great_GameLorD: holy lol this owns
(30:56 / Allies) Great_GameLorD: with tc
(31:49 / Allies) fineX: lum any1
(32:43 / All) Great_GameLorD: u leave now!!
(32:51 / All) fineX: leave worthless nigger noobs
(33:55 / All) nonent: im like sylar cuttin ur head open
(34:00 / All) nonent: OH NOTHING INSIDE LOL
(34:07 / All) fineX: lol
(34:13 / All) nonent: NO FOOD FOR ME!
(34:18 / All) CaUsE1-NeeD: lol
(34:22 / All) fineX: oh hey purple
(34:25 / All) fineX: u fucking suck
(34:26 / All) fineX: kill urself
(34:31 / All) fineX: so much for lollin at towers...
(34:35 / All) CaUsE1-NeeD: there do i care?
(34:39 / All) fineX: idk
(34:44 / All) fineX: i aint matt parkman
(34:46 / All) fineX: i cant get in ur hed
(35:07 / Allies) nonent: NICE FINEX
(35:13 / Allies) fineX: thx
(35:17 / Allies) fineX: lets kill he
(36:00 / Allies) nonent: LMAO
(36:44 / All) fineX: why do u keep making destros
(36:49 / All) fineX: wtf r u gonna do with destros
(37:06 / Allies) fineX: wood pls
(37:13 / Allies) fineX: u guys got lots i got none
(37:19 / Allies) nonent: THX 4 AURA
(37:28 / Allies) fineX: wood pls
(37:36 / Allies) fineX: wtf stingy
(37:45 / Allies) fineX: there we go
(38:59 / All) CaUsE1-NeeD: HAHAHAH
(39:00 / All) fineX: funny
(39:06 / All) nonent: hahahaha
(39:07 / All) nonent: LEAVES
(39:10 / All) fineX: GG NOOBS
(39:12 / All) WcLeGeNd: stfu nu btowers
(39:15 / All) fineX: kill urself
(39:16 / All) WcLeGeNd: PROFILE ME I PWN U